Construct Section Command Post
Selects Australian Defense Battlegroup
Selects Australian Light Infantry Section
Australian Light Infantry Section
Australian Light Infantry Section
Construct Section Command Post
Australian Light Infantry Section
Construct Platoon Command Post
Selects CMP 15cwt Supply Run
Construct Company Command Post
Selects Reinforced Resource Caches
Unlock M3 Grant Medium Tanks
Selects Archer Tank Destroyer
Selects 2-pounder Anti-tank Gun Team